 Dungeon Crawl Stone Soup version 0.28.0 (webtiles) character file.

Game seed: 4778280576770114598

54 Lambsauce the Skirmisher (level 3, -3/31 HPs)
             Began as a Palentonga Fighter on Feb 14, 2022.
             Frozen to death by an endoplasm (5 damage)
             ... on level 2 of the Dungeon.
             The game lasted 00:02:24 (1953 turns).

Lambsauce the Skirmisher (Palentonga Fighter)       Turns: 1953, Time: 00:02:25

Health: -3/31      AC:  6    Str: 21    XL:     3   Next: 66%
Magic:  3/3        EV:  7    Int:  8    God:
Gold:   47         SH:  4    Dex:  9    Spells: 2/2 levels left

rFire   . . .      SeeInvis +   a - +1 long sword
rCold   . . .      Faith    .   c - +0 buckler
rNeg    . . .      Spirit   .   b - +0 scale mail
rPois   .          Reflect  .   (no helmet)
rElec   .          Harm     .   (no cloak)
rCorr   .          Rampage  .   (no gloves)
Will    .....                   (no barding)
Stlth   ..........              (no amulet)
HPRegen 0.10/turn               l - ring of wizardry
MPRegen 0.08/turn               (no ring)

@: no status effects
A: large, rugged brown scales 3, see invisible, deformed body, roll 1, armoured
tail
a: Rolling Charge


You were on level 2 of the Dungeon.
You visited 1 branch of the dungeon, and saw 2 of its levels.

You collected 47 gold pieces.

Inventory:

Hand Weapons
 a - a +1 long sword (weapon)
Armour
 b - a +0 scale mail (worn)
 c - a +0 buckler (worn)
Jewellery
 l - a ring of wizardry (left hand)
Scrolls
 k - a scroll of vulnerability
Potions
 d - 2 potions of might


   Skills:
 + Level 3.4 Fighting
 + Level 2.8 Long Blades
 + Level 2.6 Armour
 + Level 0.5 Dodging
 + Level 0.2 Stealth
 + Level 2.6 Shields


You had 2 spell levels left.
You didn't know any spells.
Your spell library contained the following spells:

 Spells                   Type           Power      Damage    Failure   Level
 Foxfire                  Conj/Fire      0%         2x1d4     50%         1
 Conjure Flame            Conj/Fire      0%         6-21      85%         3
 Inner Flame              Hex/Fire       0%         N/A       85%         3
 Cause Fear               Hex            0%         N/A       99%         4
 Flame Wave               Conj/Fire      0%         2d4       99%         4
 Dispersal                Tloc           0%         N/A       100%        6
 Discord                  Hex            0%         N/A       100%        8
 Disjunction              Tloc           0%         N/A       100%        8


Dungeon Overview and Level Annotations

Branches:
Dungeon (2/15)

Altars:


Innate Abilities, Weirdness & Mutations

You are completely covered in rugged brown scales. (AC +3, +7% HP)
You have supernaturally acute eyesight. (SInv)
Armour fits poorly on your strangely shaped body.
You can roll at nearby foes to attack.
You have a long armoured tail.


Message History

The adder hisses angrily.
A hobgoblin comes into view.
The adder bites you but does no damage. The adder bites you but does no damage.
The dart slug bites you. The adder bites you. The endoplasm freezes you.
You are frozen.
You block the adder's attack. The hobgoblin barely misses you.
You barely miss the hobgoblin. The endoplasm freezes you.
You are frozen.
The adder bites you. The hobgoblin hits you. The endoplasm freezes you.
You are frozen.
* * * LOW HITPOINT WARNING * * *
You block the adder's attack.
You barely miss the hobgoblin. The dart slug launches a dart at you.
You block the slug dart. The adder bites you.
* * * LOW HITPOINT WARNING * * *
The hobgoblin hits you but does no damage.
The endoplasm completely misses you.
You miss the adder. You tail-slap the adder!
The adder is almost dead.
The adder bites you but does no damage.
The hobgoblin hits you but does no damage.
The endoplasm hits you.
* * * LOW HITPOINT WARNING * * *
The dart slug launches a dart at you.
The slug dart hits you but does no damage.
You block the adder's attack. The hobgoblin barely misses you.
You closely miss the adder.
Your tail-slap misses the adder.
The adder is almost dead.
The adder bites you.
* * * LOW HITPOINT WARNING * * *
You block the endoplasm's attack. The dart slug launches a dart at you.
The slug dart hits you but does no damage.
You block the hobgoblin's attack. The adder barely misses you.
The endoplasm freezes you.
You are frozen.
You die...

#.........#...#.# #.# #.#
#.........#.###.# #.# #.#
#...............###.# #.#
#................##.# #.#
#................##.#####.#
#................##.#......
#.........######.##.#.#####
#........w.....#.##.#.#
........S@....#.##.#.#
........Jg....# ##.#.#
..............# #.#.#
..............# #.#.#
..............# #.#.#
########......# #.#.#
#......# #.#.# #......#
#.#.# #.#>#


You could see an adder, a dart slug, an endoplasm and a hobgoblin.

Vanquished Creatures
  A gnoll (D:1)
  2 dart slugs (D:1)
  4 orcs (D:2)
  5 endoplasms
  2 goblins (D:1)
  2 hobgoblins (D:2)
  3 kobolds (D:1)
  A quokka (D:1)
  2 ball pythons (D:2)
  5 bats (D:1)
  2 frilled lizards (D:1)
  7 rats (D:1)
36 creatures vanquished.

Notes
Turn   | Place    | Note
-------+----------+-------------------------------------------
     0 | D:1      | Lambsauce the Palentonga Fighter began the quest for the
                  | Orb.
     0 | D:1      | Reached XP level 1. HP: 19/19 MP: 1/1
   551 | D:1      | Reached XP level 2. HP: 25/25 MP: 2/2
   996 | D:1      | Reached XP level 3. HP: 16/31 MP: 3/3
  1953 | D:2      | Frozen to death by an endoplasm

Illustrated notes

Levels and vault maps discovered:
D:1:      giann_wishing_wells, layout_loops_cross, st_stairs_14,
          minmay_split_cup_large
D:2:      minmay_inner_zag, layout_basic, minmay_tall_x

Action                   || total
-------------------------++-------
Melee: Long sword        ||   105
       Tailslap          ||     7
  Use: Scroll            ||     3
       Potion            ||     3
Armor: Scale mail        ||    58
Dodge: Dodged            ||    33
Block: Buckler           ||    25
